 Dungeon Crawl Stone Soup version 0.29.0-15-g675c0067aa (webtiles) character file.

Game seed: 15331110828056019256

1313 SensoryNuts the Chopper (level 8, -7/68 HPs)
             Began as a Minotaur Fighter on Sept 11, 2022.
             Mangled by an acid dragon (11 damage)
             ... on level 6 of the Dungeon.
             The game lasted 00:05:32 (4999 turns).

SensoryNuts the Chopper (Minotaur Fighter)          Turns: 4999, Time: 00:05:33

Health: -7/68      AC:  2    Str: 24    XL:     8   Next: 32%
Magic:  0/7        EV:  6    Int:  5    God:
Gold:   300        SH:  5    Dex:  9    Spells: 7/7 levels left

rFire   . . .      SeeInvis .   a - +1 war axe
rCold   . . .      Faith    .   c - +0 buckler
rNeg    . . .      Spirit   +   o - +0 plate armour
rPois   .          Reflect  .   (helmet restricted)
rElec   .          Harm     .   d - +0 cloak
rCorr   .          Rampage  .   (no gloves)
Will    .....                   (no boots)
Stlth   ..........              m - amulet of guardian spirit
HPRegen 0.21/turn               (no ring)
MPRegen 0.10/turn               (no ring)

@: corroded, hasted, very quick
A: horns 2, retaliatory headbutt
a: no special abilities


You were on level 6 of the Dungeon.
You visited 1 branch of the dungeon, and saw 6 of its levels.

You collected 300 gold pieces.

Inventory:

Hand Weapons
 a - a +1 war axe (weapon)
 p - a +2 hammer of holy wrath
Armour
 c - a +0 buckler (worn)
 d - a +0 cloak (worn)
 o - a +0 plate armour (worn)
Jewellery
 m - an amulet of guardian spirit (around neck)
Wands
 j - a wand of mindburst (16)
 q - a wand of digging (2)
Scrolls
 b - a scroll of fog
 e - 5 scrolls of teleportation
 g - a scroll of poison
 k - a scroll of amnesia
Potions
 f - a potion of haste
 h - a potion of brilliance {unknown}
 i - a potion of magic {unknown}
 l - 3 potions of curing
 n - a potion of berserk rage


   Skills:
 + Level 5.2 Fighting
 + Level 7.8 Axes
 + Level 6.1 Armour
 + Level 0.5 Dodging
 + Level 2.3 Stealth
 * Level 7.2 Shields


You had 7 spell levels left.
You didn't know any spells.
Your spell library contained the following spells:

 Spells                   Type           Power      Damage    Failure   Level
 Sandblast                Erth           0%         2d4       100%        1
 Ensorcelled Hibernation  Hex/Ice        0%         N/A       100%        2
 Passwall                 Tmut/Erth      0%         N/A       100%        2
 Sublimation of Blood     Necr           0%         N/A       100%        2
 Wereblood                Tmut           0%         N/A       100%        2
 Conjure Flame            Conj/Fire      0%         6-21      100%        3
 Ignite Poison            Fire/Tmut/Pois 0%         N/A       100%        3
 Stone Arrow              Conj/Erth      0%         3d7       100%        3
 Swiftness                Air            0%         N/A       100%        3
 Corpse Rot               Necr/Pois/Air  0%         N/A       100%        4
 Dispel Undead            Necr           0%         3d6       100%        4
 Sticky Flame             Conj/Fire      0%         2d3       100%        4
 Summon Forest            Summ/Tloc      0%         N/A       100%        5
 Summon Mana Viper        Hex/Summ       0%         N/A       100%        5
 Death Channel            Necr           0%         N/A       100%        6
 Summon Cactus Giant      Summ           0%         N/A       100%        6
 Summon Hydra             Summ           0%         N/A       100%        7


Dungeon Overview and Level Annotations

Branches:
Dungeon (6/15)             Temple (0/1) D:6

Altars:
Kikubaaqudgha
Qazlal
Wu Jian
Zin
The Shining One


Innate Abilities, Weirdness & Mutations

You have a pair of horns on your head.
You reflexively headbutt those who attack you in melee.


Message History

An adder is nearby!
An acid dragon comes into view.
You closely miss the adder.
You headbutt the adder, but do no damage.
You block the adder's attack.
You closely miss the adder. You headbutt the adder!
You kill the adder!
The acid dragon spits acid at you. The splash of acid hits you!!
The acid corrodes you!
A wight comes into view. It is wielding a +2 morningstar.
You hit the acid dragon but do no damage.
You block the acid dragon's attack.
The acid dragon claws you but does no damage.
A wight comes into view.
It is wielding a +3 battleaxe of freezing.
You barely miss the acid dragon. You headbutt the acid dragon.
The acid dragon is lightly wounded.
The acid dragon bites you but does no damage.
You block the acid dragon's attack.
You hit the acid dragon.
The acid dragon is moderately wounded.
You block the acid dragon's attack. The acid dragon closely misses you.
A wight comes into view. It is wielding a +0 mace.
You hit the acid dragon. You headbutt the acid dragon.
The acid dragon is heavily wounded.
The acid dragon bites you. You block the acid dragon's attack.
You block the wight's attack. The acid dragon spits acid at you.
The splash of acid hits you! The acid corrodes you!
You closely miss the acid dragon.
The acid dragon is heavily wounded.
You closely miss the wight.
The wight hits you with a +2 morningstar!
The acid dragon spits acid at you. The splash of acid hits you!!
* * * LOW HITPOINT WARNING * * *
The acid corrodes you!
Okay, then.
Okay, then.
You feel yourself speed up. The acid dragon bites you!
You die...

....#####...######...)..##
#...# ###.# #...# #......#
##### ....# #...# #......#
##### #...# ##...#.#
##.############.#
#.........####..
#####.........###
#†...)....# #.z@......#
#z.zD.$...# ............#
#.#.#.........#
....)........#
....#.........#
#.###.........#
#####.#.#.#


You could see an acid dragon (catching breath) and 3 wights.

Vanquished Creatures
  Sigmund (D:5)
  Duvessa (D:4)
  A sky beast (D:6)
  An ice beast (D:5)
  A centaur (D:6)
  A phantom (D:5)
  2 necrophages
  A scorpion (D:6)
  Dowan (D:4)
  Crazy Yiuf (D:3)
  A hound (D:4)
  2 orc priests
  An iguana (D:6)
  Natasha (thrice) (D:2)
  2 orc wizards
  9 adders
  3 worms (D:2)
  3 dart slugs
  4 orcs
  4 endoplasms
  A giant cockroach (D:4)
  8 goblins
  6 hobgoblins
  8 jackals
  2 quokkas
  5 ball pythons
  3 bats (D:2)
  4 frilled lizards
  6 kobolds
  4 rats
90 creatures vanquished.

Vanquished Creatures (collateral kills)
  2 hounds (D:4)
  An endoplasm (D:4)
  A goblin (D:4)
  A kobold (D:4)
5 creatures vanquished.

Grand Total: 95 creatures vanquished

Notes
Turn   | Place    | Note
-------+----------+-------------------------------------------
     0 | D:1      | SensoryNuts the Minotaur Fighter began the quest for the
                  | Orb.
     0 | D:1      | Reached XP level 1. HP: 19/19 MP: 0/0
    10 | D:1      | Found a faded altar of an unknown god.
    48 | D:1      | Reached XP level 2. HP: 15/27 MP: 1/1
   237 | D:1      | You fall into a shaft and drop 1 floor!
   261 | D:2      | Noticed Natasha
   268 | D:2      | Killed Natasha
   269 | D:2      | Reached XP level 3. HP: 28/33 MP: 2/2
   510 | D:2      | Noticed Natasha
   520 | D:2      | Killed Natasha
   521 | D:2      | Reached XP level 4. HP: 16/41 MP: 3/3
   544 | D:2      | Noticed Natasha
   548 | D:2      | Killed Natasha
  1388 | D:2      | Reached XP level 5. HP: 47/47 MP: 4/4
  1981 | D:3      | Found a runed translucent door.
  1982 | D:3      | Identified the +10 hammer of Subterfuge {speed, rF+ Int+6}
  1982 | D:3      | Noticed Crazy Yiuf
  2420 | D:3      | Reached skill level 5 in Armour
  2775 | D:3      | Killed Crazy Yiuf
  2776 | D:3      | Reached skill level 5 in Shields
  2895 | D:4      | Reached skill level 5 in Axes
  2895 | D:4      | Reached XP level 6. HP: 51/53 MP: 5/5
  2953 | D:4      | Found an ancient bone altar of Kikubaaqudgha.
  3581 | D:4      | Noticed Duvessa
  3595 | D:4      | Killed Duvessa
  3596 | D:4      | Reached XP level 7. HP: 60/60 MP: 6/6
  3596 | D:4      | Noticed Dowan
  3609 | D:4      | Killed Dowan
  3766 | D:5      | Entered Level 5 of the Dungeon
  3769 | D:5      | Found a stormy altar of Qazlal.
  3778 | D:5      | Found a glowing silver altar of Zin.
  3781 | D:5      | Found a glowing golden altar of the Shining One.
  3781 | D:5      | Found an ornate altar of the Wu Jian Council.
  3791 | D:5      | Found an ancient bone altar of Kikubaaqudgha.
  3967 | D:5      | Noticed Sigmund
  3989 | D:5      | Killed Sigmund
  3990 | D:5      | Reached skill level 5 in Fighting
  3990 | D:5      | Reached skill level 1 in Stealth
  4613 | D:6      | Reached XP level 8. HP: 56/67 MP: 7/7
  4858 | D:6      | Found a staircase to the Ecumenical Temple.
  4999 | D:6      | Mangled by an acid dragon

Illustrated notes

Levels and vault maps discovered:
D:1:      co_arrival_square_in_a_square_in_a_square, layout_basic,
          ebering_ecumenical_altar_mist, minmay_misc_feat_x
D:2:      layout_loops_corners, serial_rivers, chequers_serial_rivers_micro_a,
          chequers_serial_rivers_small_b, chequers_serial_rivers_micro_d,
          chequers_serial_rivers_small_3, chequers_serial_rivers_large_a,
          chequers_serial_rivers_micro_d, minmay_fractal_squares_gapless_5,
          uniq_natasha
D:3:      layout_loops_ring, nrook_uturn, uniq_crazy_yiuf_cottage
D:4:      layout_cave_pods, minivault_14, minmay_ruined_shrine, uniq_duvessa
D:5:      layout_basic, nicolae_overflow_hallway_of_the_gods, nrook_campfire,
          uniq_sigmund
D:6:      layout_loops_cross, nicolae_overflow_hidden_temple,
          minmay_temple_entry_fiery

Skill      XL: |  1  2  3  4  5  6  7  8 |
---------------+-------------------------+-----
Shields        | 4 5 6 7 |  7.2
Fighting       | 4 5 |  5.2
Axes           | 3 4 5 6 7 |  7.8
Armour         | 4 5 6 |  6.1
Stealth        | 2 |  2.3
Dodging        | |  0.5

Action                   |  1- 3 |  4- 6 |  7- 9 || total
-------------------------+-------+-------+-------++-------
Melee: War axe           |    47 |   129 |    77 ||   253
       Headbutt          |     7 |    20 |    14 ||    41
  Use: Potion            |       |     4 |     1 ||     5
       Scroll            |       |     9 |     5 ||    14
 Stab: Invisible         |       |     3 |     1 ||     4
Armor: Scale mail        |    19 |    22 |       ||    41
       Plate armour      |       |    48 |    51 ||    99
       Skin              |       |     2 |       ||     2
Dodge: Dodged            |    21 |    51 |    24 ||    96
Block: Buckler           |    13 |    20 |    29 ||    62
